 Dungeon Crawl Stone Soup version 0.28.0-53-g5a82cb258f (webtiles) character file.

Game seed: 17835668773466825395

8197 Infinimo the Basher (level 11, -6/72 HPs)
             Began as a Gargoyle Berserker on June 14, 2022.
             Was an Elder of Trog.
             Mangled by a two-headed ogre
             ... wielding a +0 giant club
              (20 damage)
             ... on level 10 of the Dungeon.
             The game lasted 00:10:17 (12914 turns).

Infinimo the Basher (Gargoyle Berserker)           Turns: 12914, Time: 00:10:18

Health: -6/72      AC: 20    Str: 25    XL:     11   Next: 27%
Magic:  11/11      EV: 24    Int:  8    God:    Trog [****..]
Gold:   621        SH:  0    Dex:  9    Spells: 10/10 levels left

rFire   . . .      SeeInvis .   w - +1 flail (venom)
rCold   + . .      Faith    .   (no shield)
rNeg    + + .      Spirit   .   F - +0 chain mail
rPois   ∞          Reflect  .   (no helmet)
rElec   +          Harm     .   (no cloak)
rCorr   .          Rampage  .   C - +0 pair of gloves
Will    .....                   (no boots)
Stlth   ..........              y - amulet of the acrobat
HPRegen 0.22/turn               s - ring of protection from cold
MPRegen 0.12/turn               j - ring of positive energy

@: on berserk cooldown, acrobatic, slowed, very slow
A: sickness immunity, AC +8, negative energy resistance 1, electricity
resistance, torment resistance 1, petrification resistance
a: Renounce Religion, Berserk, Trog's Hand, Brothers in Arms


You were on level 10 of the Dungeon.
You worshipped Trog.
Trog was greatly pleased with you.
You visited 1 branch of the dungeon, and saw 10 of its levels.

You collected 621 gold pieces.

Inventory:

Hand Weapons
 w - a +1 flail of venom (weapon)
Missiles
 B - 2 throwing nets (quivered)
Armour
 C - a +0 pair of gloves (worn)
 F - a +0 chain mail (worn)
Jewellery
 j - a ring of positive energy (right hand)
 s - a ring of protection from cold (left hand)
 y - an amulet of the acrobat (around neck)
Wands
 i - a wand of flame (30)
 u - a wand of mindburst (9)
Scrolls
 d - a scroll of amnesia
 f - 6 scrolls of teleportation
 k - a scroll of enchant armour
 o - 4 scrolls of noise
Potions
 a - 5 potions of attraction
 c - 4 potions of heal wounds
 e - 3 potions of might
 h - a potion of mutation
 l - a potion of cancellation
 m - a potion of resistance {unknown}
 n - 2 potions of lignification {unknown}
 p - 2 potions of ambrosia {unknown}
 q - a potion of degeneration {unknown}
 r - a potion of haste {unknown}
 t - 2 potions of flight {unknown}
 v - 3 potions of curing
 D - 2 potions of invisibility {unknown}


   Skills:
 + Level 10.0 Fighting
 * Level 12.5 Maces & Flails
 + Level 9.7 Armour
 - Level 1.5 Dodging


You had 10 spell levels left.
You didn't know any spells.
Your spell library was empty.

Dungeon Overview and Level Annotations

Branches:
Dungeon (10/15)            Temple (0/1) D:5
   Lair: D:8-11         Orc: D:9-12

Altars:
Qazlal
Yredelemnul

Shops:
D:3 *   D:6 [


Innate Abilities, Weirdness & Mutations

You are immune to sickness and miasma.
Your stone body is resilient. (AC +8)
You are immune to poison.
You resist negative energy. (rN+)
You are resistant to electric shocks. (rElec)
You are resistant to unholy torment.
You are immune to petrification.


Message History

The two-headed ogre hits you with a +0 giant club!
The two-headed ogre hits you with a +0 giant club.
You hit the two-headed ogre but do no damage.
The two-headed ogre is heavily wounded.
The two-headed ogre hits you with a +0 giant club.
The two-headed ogre hits you but does no damage.
You closely miss the two-headed ogre.
The two-headed ogre is heavily wounded.
You bludgeon the two-headed ogre!!
The two-headed ogre looks as sick as possible!
The two-headed ogre is almost dead.
The two-headed ogre barely misses you.
The two-headed ogre hits you but does no damage.
You bludgeon the two-headed ogre!!
You feel the power of Trog in you as your rage grows.
You kill the two-headed ogre!
Trog accepts your kill.
You can now call in reinforcements.
Your Fighting skill increases to level 10!
You sock the ogre!
The ogre is poisoned.
The ogre is moderately wounded.
You thump the ogre!
The ogre looks as sick as possible!
The ogre is almost dead.
The ogre closely misses you.
You thump the ogre!
You kill the ogre!
Trog accepts your kill.
Items here: ))) †.
You start resting.
You feel a strong urge to attack something.
You are no longer berserk.
You are exhausted.
You feel yourself slow down.
You start resting.
A two-headed ogre is nearby!
A two-headed ogre is nearby!
The two-headed ogre shouts in stereo!
The two-headed ogre hits you with a +0 giant club!!
* * * LOW HITPOINT WARNING * * *
The two-headed ogre hits you with a +0 giant club!!
You die...

############# ##########
#)..#.......# .........#
#.###.#.#.### .........#
#)#...#.#...#
.........###@#.###.###.#
.........#.O.#<#.#.....#
...........#.#.#.#######
.........###...........
#######.## ##+#########
####..# #.## ###..O.##
#..# #)..#### ##.###
#####O####### #...#


You could see a two-headed ogre and an ogre.

Vanquished Creatures
  An ogre mage (D:10)
  5 two-headed ogres (D:10)
  A gargoyle (D:9)
  2 trolls
  A hornet (D:8)
  2 wyverns (D:9)
  2 steam dragons
  4 orc warriors
  A black bear (D:7)
  3 ice beasts (D:7)
  A necrophage (D:7)
  4 ogres
  2 centaurs
  2 bullfrogs
  4 scorpions
  A wyvern skeleton (D:7)
  9 killer bees
  3 wights (D:8)
  3 howler monkeys
  2 centaur zombies
  A bullfrog skeleton (D:7)
  A jelly (D:8)
  2 hounds
  3 orc priests
  A centaur skeleton (D:7)
  Jessica (D:2)
  3 iguanas
  6 orc wizards
  A killer bee zombie (D:7)
  A howler monkey zombie (D:5)
  2 howler monkey skeletons
  7 adders
  8 gnolls
  2 shadow imps
  An ufetubus (D:2)
  2 worms (D:2)
  A dart slug (D:4)
  31 orcs
  8 ball pythons
  A bat (D:1)
  4 endoplasms
  4 giant cockroaches
  3 goblins (D:1)
  5 hobgoblins
  12 jackals
  4 quokkas
  9 frilled lizards
  6 kobolds
  2 quokka skeletons (D:4)
  8 rats
193 creatures vanquished.

Vanquished Creatures (others)
  A kobold brigand (D:9)
  A kobold (D:9)
  6 fungi (D:10)
  17 plants (D:10)
25 creatures vanquished.

Grand Total: 218 creatures vanquished

Notes
Turn   | Place    | Note
-------+----------+-------------------------------------------
     0 | D:1      | Infinimo the Gargoyle Berserker began the quest for the
                  | Orb.
     0 | D:1      | Reached XP level 1. HP: 14/14 MP: 1/1
   346 | D:1      | You fall into a shaft and drop 1 floor!
   371 | D:1      | Reached XP level 2. HP: 19/19 MP: 2/2
   965 | D:1      | Reached XP level 3. HP: 18/23 MP: 3/3
  2488 | D:2      | Reached skill level 4 in Maces & Flails
  2658 | D:2      | Reached XP level 4. HP: 28/29 MP: 4/4
  2892 | D:2      | Noticed Jessica
  2898 | D:2      | Killed Jessica
  3255 | D:3      | Reached XP level 5. HP: 33/33 MP: 5/5
  3261 | D:3      | Reached ** piety under Trog
  3320 | D:3      | Found Imaely's Antique Weapon Shop.
  3332 | D:3      | Found Xalituschua's General Store.
  3563 | D:3      | Noticed an ogre
  3579 | D:3      | Killed an ogre
  3580 | D:3      | Reached skill level 5 in Maces & Flails
  3580 | D:3      | Reached XP level 6. HP: 27/39 MP: 6/6
  4647 | D:4      | Reached skill level 5 in Fighting
  5102 | D:5      | Entered Level 5 of the Dungeon
  5189 | D:5      | Found a staircase to the Ecumenical Temple.
  5314 | D:5      | Reached XP level 7. HP: 44/44 MP: 7/7
  5335 | D:5      | Reached *** piety under Trog
  5336 | D:5      | Reached skill level 6 in Maces & Flails
  6832 | D:5      | Reached skill level 5 in Armour
  6944 | D:5      | Identified the +1 ring mail "Weicino" {rElec Will+}
  7113 | D:6      | Reached XP level 8. HP: 51/51 MP: 8/8
  7167 | D:6      | Reached skill level 7 in Maces & Flails
  7199 | D:6      | Found Mayxoka's Armour Emporium.
  7789 | D:7      | Reached skill level 8 in Maces & Flails
  8099 | D:7      | Reached XP level 9. HP: 42/56 MP: 9/9
  8845 | D:7      | Identified the +5 ring mail of Sanep {+Blink MP+9 Int+5
                  | Dex-5}
  8878 | D:8      | Reached skill level 9 in Maces & Flails
  9237 | D:8      | Noticed a hornet
  9240 | D:8      | Killed a hornet
  9894 | D:8      | Found a basalt altar of Yredelemnul.
 10383 | D:9      | Noticed a troll
 10400 | D:8      | Killed a troll
 10401 | D:8      | Reached skill level 10 in Maces & Flails
 11004 | D:9      | Reached XP level 10. HP: 64/64 MP: 10/10
 11667 | D:9      | Found a stormy altar of Qazlal.
 12079 | D:10     | Entered Level 10 of the Dungeon
 12079 | D:10     | Noticed a two-headed ogre
 12088 | D:10     | Killed a two-headed ogre
 12247 | D:10     | Reached skill level 11 in Maces & Flails
 12284 | D:10     | Noticed a gargoyle
 12304 | D:9      | Killed a gargoyle
 12661 | D:10     | Noticed a two-headed ogre
 12661 | D:10     | Noticed a two-headed ogre
 12662 | D:10     | Noticed an ogre mage
 12662 | D:10     | Noticed a two-headed ogre
 12662 | D:10     | Noticed a two-headed ogre
 12662 | D:10     | Noticed a two-headed ogre
 12694 | D:10     | Killed a two-headed ogre
 12701 | D:10     | Killed a two-headed ogre
 12706 | D:10     | Killed a two-headed ogre
 12707 | D:10     | Reached skill level 12 in Maces & Flails
 12707 | D:10     | Reached XP level 11. HP: 43/72 MP: 11/11
 12865 | D:10     | Paralysed by an ogre mage for 5 turns
 12901 | D:10     | Killed an ogre mage
 12907 | D:10     | Killed a two-headed ogre
 12907 | D:10     | Reached **** piety under Trog
 12908 | D:10     | Reached skill level 10 in Fighting
 12914 | D:10     | Mangled by a two-headed ogre

Illustrated notes

Levels and vault maps discovered:
D:1:      dpeg_arrival_rooms_with_view, layout_basic, eino_curves_03,
          minmay_3d_cube
D:2:      layout_loops_corners, uniq_jessica
D:3:      layout_loops_ring, serial_shops, shop, nicolae_shop_waterfront
D:4:      layout_layer_cave
D:5:      layout_layer_cave, minmay_temple_entry_overgrown
D:6:      layout_rooms, serial_shops, shop, kennysheep_generic_room_8
D:7:      black_bear_nest_2, layout_cave_pools
D:8:      layout_loops_corners, mainiacjoe_overflow_brackets
D:9:      layout_layer_cave, old_standard_altar
D:10:     layout_roguey, minmay_lair_entry_grove, serial_glass, glass_columns_b,
          glass_columns_a, glass_columns_b, glass_columns_a, glass_columns_b

Skill      XL: |  1  2  3  4  5  6  7  8  9 10 11 |
---------------+----------------------------------+-----
Maces & Flails | 4 5 6 8 10 12 | 12.5
Armour         | 3 4 5 6 7 9 |  9.7
Fighting       | 4 5 6 8 9 10 | 10.0
Dodging        | |  1.5

Action                   |  1- 3 |  4- 6 |  7- 9 | 10-12 || total
-------------------------+-------+-------+-------+-------++-------
Melee: Mace              |   145 |   143 |    69 |       ||   357
       Punch             |       |     3 |     8 |     6 ||    17
       Flail             |       |       |   241 |   131 ||   372
Invok: Berserk           |     6 |     6 |    12 |     8 ||    32
  Use: Scroll            |       |       |    10 |     6 ||    16
 Stab: Sleeping          |       |     1 |       |       ||     1
Armor: Animal skin       |    48 |    46 |   130 |    22 ||   246
       Chain mail        |       |       |       |    47 ||    47
Dodge: Dodged            |   101 |    62 |   188 |    54 ||   405
